 Dungeon Crawl Stone Soup version 0.27.0-1-g7a089689b8 (webtiles) character file.

Game seed: 13945184193291418192

88 Strat the Chopper (level 4, -1/38 HPs)
             Began as a Ghoul Fighter on Aug 13, 2021.
             Splashed by a jelly's acid (5 damage)
             ... on level 4 of the Dungeon.
             The game lasted 00:04:01 (932 turns).

Strat the Chopper (Ghoul Fighter)                    Turns: 932, Time: 00:04:01

Health: -1/38      AC:  9    Str: 20    XL:     4   Next: 54%
Magic:  3/3        EV:  5    Int:  3    God:
Gold:   35         SH:  0    Dex:  8    Spells: 3/3 levels left

rFire    . . .     SeeInvis .   a - +0 war axe
rCold    + . .     Faith    .   (no shield)
rNeg     + + +     Spirit   .   h - +0 plate armour
rPois    ∞         Reflect  .   g - +0 helmet
rElec    .         Harm     .   l - +0 cloak
rCorr    .         Rampage  .   (no gloves)
Will     .....                  (no boots)
Stlth    ..........             (no amulet)
HPRegen  0.00/turn              (no ring)
MPRegen  0.08/turn              (no ring)

@: corroded, inhibited regen
A: claws 1, cold resistance 1, negative energy resistance 3, inhibited
regeneration, torment resistance 2
a: no special abilities


You were on level 4 of the Dungeon.
You visited 1 branch of the dungeon, and saw 4 of its levels.

You collected 35 gold pieces.

Inventory:

Hand Weapons
 a - a +0 war axe (weapon)
 p - a +0 hunting sling
Missiles
 e - 40 stones (quivered)
 k - 6 javelins
Armour
 b - a +0 scale mail
 c - a +0 kite shield
 g - a +0 helmet (worn)
 h - a +0 plate armour (worn)
 l - a +0 cloak (worn)
 o - a +0 chain mail
Jewellery
 f - a ring of positive energy
Wands
 m - a wand of iceblast (2)
Potions
 d - a potion of might
 j - a potion of curing {unknown}
 n - 2 potions of degeneration {unknown}


   Skills:
 - Level 3.2 Fighting
 + Level 4.2 Axes
 - Level 2.6 Armour
 - Level 2.6 Shields


You had 3 spell levels left.
You didn't know any spells.
Your spell library contained the following spells:

 Spells                   Type           Power      Damage    Failure   Level
 Sting                    Tmut/Pois      0%         1d3       100%        1
 Poisonous Vapours        Pois/Air       0%         N/A       100%        2
 Olgreb's Toxic Radiance  Pois           0%         N/A       100%        4


Dungeon Overview and Level Annotations

Branches:
Dungeon (4/15)
 Temple: D:4-7

Altars:
Elyvilon
Vehumet


Innate Abilities, Weirdness & Mutations

You thrive by killing the living.
You are immune to poison.
You have sharp fingernails.
Your flesh is cold resistant. (rC+)
You are immune to negative energy. (rN+++)
You do not regenerate when monsters are visible.
You are immune to unholy pain and torment.


Message History

The iguana barely misses you. The iguana bites you.
* * * LOW HITPOINT WARNING * * *
You slash the iguana!
The iguana is severely wounded.
The iguana barely misses you.
You hit the iguana but do no damage.
The iguana is severely wounded.
The iguana bites you but does no damage.
You slash the iguana!
You kill the iguana!
You feel better.
Your Axes skill increases to level 4!
You hear the slow rusting of a very distant drain.
You hit the bush but do no damage. You hit the bush but do no damage.
You see here a +0 plate armour.
h - a +0 plate armour You start removing your armour.
You continue taking off your +0 chain mail. x4
You finish taking off your +0 chain mail.
You start putting on your armour.
You continue putting on your +0 plate armour. x5
You finish putting on your +0 plate armour.
A jelly comes into view.
Found 15 arrows.
The jelly hits you but does no damage.
You hit the jelly.
Your claws burn!
* * * LOW HITPOINT WARNING * * *
The jelly is lightly wounded.
The jelly barely misses you.
You hit the jelly but do no damage.
Your claws burn!
* * * LOW HITPOINT WARNING * * *
The jelly is lightly wounded.
The jelly hits you but does no damage.
You hit the jelly.
Your claws burn!
* * * LOW HITPOINT WARNING * * *
The jelly is heavily wounded.
The jelly barely misses you. The jelly hits you but does no damage.
You hit the jelly. The acid corrodes you!
Your claws burn!
You die...

#.... ..# #.... ...
........### #....##..
...P........## #.......#
#.............
........###......P..#..#
........................
##..J......P...P......
#....@................
##.........P...P......
........................
......#......P...P......
..##.##.##............##
. ...#..##...P......####
... #..###.........#.##
#.. ..(.........P.....#
.#..................


You could see a jelly.

Vanquished Creatures
  An iguana (D:4)
  2 adders (D:3)
  A worm (D:2)
  An orc (D:3)
  5 ball pythons
  3 endoplasms (D:1)
  A giant cockroach (D:1)
  6 hobgoblins
  2 quokkas
  A frilled lizard (D:2)
  6 goblins
  5 kobolds
  3 rats (D:2)
37 creatures vanquished.

Notes
Turn   | Place    | Note
-------+----------+-------------------------------------------
     0 | D:1      | Strat the Ghoul Fighter began the quest for the Orb.
     0 | D:1      | Reached XP level 1. HP: 19/19 MP: 0/0
    92 | D:1      | Reached skill level 2 in Axes
   156 | D:1      | Reached XP level 2. HP: 18/26 MP: 1/1
   353 | D:2      | Reached skill level 3 in Axes
   356 | D:2      | Reached XP level 3. HP: 24/31 MP: 2/2
   709 | D:3      | Found a radiant altar of Vehumet.
   736 | D:3      | Reached XP level 4. HP: 32/38 MP: 3/3
   875 | D:4      | Reached skill level 4 in Axes
   932 | D:4      | Splashed by a jelly's acid

Illustrated notes

Levels and vault maps discovered:
D:1:      scummos_arrival_gate, layout_basic, ebering_ecumenical_altar_ruins
D:2:      layout_loops_cross, minmay_misc_feat_x, minmay_surrounded
D:3:      minmay_evil_eye, layout_basic, gammafunk_temple_overflow_wave,
          hangedman_abyss_or_decor_lesser_grid, minmay_curled_crystal,
          uniq_robin
D:4:      layout_cave_pools, serial_park, serial_park_tiny_1,
          serial_park_avenue1, gup_sewer_entry_spiral

Skill      XL: |  1  2  3  4 |
---------------+-------------+-----
Axes           | 2 3 4 |  4.2
Fighting       | |  3.2
Armour         | |  2.6
Shields        | |  2.6

Action                   |  1- 3 |  4- 6 || total
-------------------------+-------+-------++-------
Melee: War axe           |   106 |    29 ||   135
  Use: Scroll            |     3 |       ||     3
Armor: Scale mail        |    26 |       ||    26
       Chain mail        |    23 |    13 ||    36
       Plate armour      |       |     3 ||     3
Dodge: Dodged            |    46 |     6 ||    52
Block: Kite shield       |    52 |       ||    52
